AoeStats
← dariotbuisness

Arabia

510510924Analyzed
2v2 RM · 14h ago on Oct 1, 2026· 37m 37s· 4 players
Game mode
Random Map
Map size
Medium (4 player)
Population
200
Speed
Normal
Resources
Standard
Victory
Conquest
Starting age
Dark Age
Ending age
Imperial Age
RankedLock teamsTeams togetherTeam positionsShared explorationLock speedFull tech treeHidden civsTurbo modeCheats
Victory
Defeat
🇫🇷 Vikings · France
1333
+14
🇫🇷 Berbers · France
1223
+18
🇩🇪 Danes · Germany
1302
-17
🇩🇪 Ethiopians · Germany
1260
-15
Fantome69
7:37 Loom
11:49 Feudal Age
12:20 Double-Bit Axe
13:07 Horse Collar
17:29 Scale Barding Armor
19:23 Forging
23:28 Castle Age
21:22 Gold Mining
23:45 Bloodlines
27:20 Husbandry
30:36 Chain Barding Armor
34:15 Stone Mining
37:39 Wheelbarrow
pistolesi.giulio
0:27 Loom
6:59 Loom
9:45 Feudal Age
10:56 Double-Bit Axe
13:28 Horse Collar
15:42 Fletching
19:03 Scale Mail Armor
19:06 Padded Archer Armor
22:07 Castle Age
20:15 Gold Mining
22:25 Crossbowman
23:07 Bodkin Arrow
23:40 Bow Saw
24:52 Leather Archer Armor
25:56 Gold Shaft Mining
28:51 Town Watch
38:07 Imperial Age
NoSkills
7:37 Loom
10:53 Feudal Age
17:44 Double-Bit Axe
19:13 Wheelbarrow
18:35 Horse Collar
19:48 Fletching
24:38 Castle Age
22:43 Gold Mining
23:05 Padded Archer Armor
25:37 Bodkin Arrow
25:18 Crossbowman
26:26 Leather Archer Armor
26:19 Scale Barding Armor
25:40 Light Cavalry
26:22 Husbandry
27:41 Bow Saw
33:09 Chain Barding Armor
35:20 Leather Archer Armor
35:35 Elite Skirmisher
dariotbuisness
12:36 Loom
14:21 Feudal Age
18:20 Castle Age
16:32 Double-Bit Axe
16:29 Horse Collar
24:35 Arson
27:20 Scale Mail Armor
30:27 Chain Mail Armor
33:02 Bow Saw
33:42 Gold Mining
33:49 Town Watch
35:01 Forging
35:53 Heavy Plow
37:20 Wheelbarrow
Connection lost

Rejoining the realm…

Still unreachable

The connection could not be restored.

Session expired

The server has moved on; the page needs a fresh start.